 Dungeon Crawl Stone Soup version 0.17.1-3-g152610e (webtiles) character file.

396 Goblin1989 the Chopper (level 6, 0/50 HPs)
             Began as a Minotaur Hunter on May 2, 2016.
             Was an Initiate of Trog.
             Slain by a hound (2 damage)
             ... on level 4 of the Dungeon.
             The game lasted 00:05:43 (3064 turns).

Goblin1989 the Chopper (Minotaur Hunter)            Turns: 3064, Time: 00:05:43

Health: 0/50       AC:  6    Str: 18    XL:     6   Next: 52%
Magic:  5/5        EV: 11    Int:  8    God:    Trog [......]
Gold:   129        SH:  0    Dex: 11    Spells: 0 memorised, 5 levels left

rFire  . . .     SeeInvis .     b - +0 hand axe
rCold  . . .     Clarity  .     g - +0 ring mail
rNeg   . . .     SustAt   .     (no shield)
rPois  .         Gourm    .     (helmet restricted)
rElec  .         Spirit   .     (no cloak)
rCorr  .         Warding  .     (no gloves)
rMut   .         Stasis   .     r - +0 pair of boots
MR     .....                    (no amulet)
Stlth  +.........               (no ring)
                                (no ring)

@: not resistant to hostile enchantments, very unstealthy
A: retaliatory headbutt, horns 2
a: Burn Spellbooks, Renounce Religion


You were on level 4 of the Dungeon.
You worshipped Trog.
Trog was noncommittal.
You were hungry.

You visited 1 branch of the dungeon, and saw 4 of its levels.

You collected 129 gold pieces.

Inventory:

Hand Weapons
 a - a +1 shortbow
 b - a +0 hand axe (weapon)
Missiles
 d - 44 arrows
Armour
 g - a +0 ring mail (worn)
 r - a +0 pair of boots (worn)
Jewellery
 o - an uncursed ring of protection from cold {unknown}
 v - an uncursed ring of protection from cold {unknown}
 y - an uncursed ring of stealth {unknown}
Wands
 A - a wand of random effects (27)
Scrolls
 c - 4 scrolls of identify {unknown}
 e - 2 scrolls of noise {unknown}
 h - 5 scrolls of remove curse {unknown}
 j - a scroll of teleportation {unknown}
 l - 4 scrolls of magic mapping {unknown}
 p - a scroll of blinking {unknown}
 s - a scroll of recharging {unknown}
 u - a scroll of immolation {unknown}
 x - 2 scrolls of enchant armour {unknown}
Potions
 i - 3 potions of curing
 k - 3 potions of flight {unknown}
 m - a potion of heal wounds {unknown}
 q - a potion of lignification {unknown}
 t - a potion of invisibility {unknown}
Comestibles
 f - a meat ration
 n - 5 fruits
 w - 2 bread rations
 z - a chunk of flesh


   Skills:
 - Level 2.4 Fighting
 * Level 7.5 Axes
 - Level 5.0 Bows
 - Level 2.1 Dodging
 - Level 0.7 Stealth


You had 5 spell levels left.
You didn't know any spells.

Dungeon Overview and Level Annotations

Branches:
Dungeon (4/15)
 Temple: D:4-7

Altars:
Trog


Innate Abilities, Weirdness & Mutations

You reflexively headbutt those who attack you in melee.
You have a pair of horns on your head.


Message History

Your ring mail prevents you from hitting the orc priest.
You headbutt the orc priest.
You kill the orc priest!
Trog accepts your kill.
You hit the orc priest.
The orc priest hits you but does no damage.
You barely miss the orc priest. You headbutt the orc priest!
The orc priest hits you but does no damage.
You slash the orc priest!
You kill the orc priest!
Trog accepts your kill.
You start resting.
A hound comes into view.
You are feeling hungry.
The hound barks!
The hound bites you.
* * * LOW HITPOINT WARNING * * *
You take 3 damage, and have 2/50 hp.
You hit the hound. The hound bites you.
You die...

.<..## #.... ... #)#
###.###)# ........#
#######.# #h# #@# #.#
#.###### #......# #####
##.####.#
####...####.......#
#....#..........#.#
#.##...###......#.#######
#.###### ##†..#.........#


You could see a hound.

Vanquished Creatures
  Blork the orc (D:4)
  A scorpion (D:3)
  A hound (D:4)
  2 orc priests (D:4)
  An iguana (D:4)
  An orc wizard (D:4)
  2 worker ants (D:4)
  3 adders
  An adder skeleton (D:4)
  4 orcs (D:4)
  11 bats
  4 hobgoblins
  2 quokkas
  2 ball pythons
  4 giant cockroaches
  5 giant geckos
  5 giant newts
  4 goblins
  6 kobolds
  A quokka skeleton (D:4)
  8 rats
69 creatures vanquished.

Notes
Turn   | Place    | Note
--------------------------------------------------------------
     0 | D:1      | Goblin1989 the Minotaur Hunter began the quest for the Orb.
     0 | D:1      | Reached XP level 1. HP: 18/18 MP: 0/0
   186 | D:1      | Reached XP level 2. HP: 25/25 MP: 1/1
   202 | D:1      | Reached skill level 5 in Bows
   421 | D:1      | Reached skill level 1 in Axes
  1093 | D:2      | Reached XP level 3. HP: 30/30 MP: 2/2
  1673 | D:3      | Reached XP level 4. HP: 35/37 MP: 3/3
  1965 | D:3      | Found a bloodstained altar of Trog.
  1994 | D:3      | Became a worshipper of Trog the Wrathful
  2044 | D:3      | Noticed a scorpion
  2050 | D:3      | Killed a scorpion
  2132 | D:4      | Reached skill level 5 in Axes
  2132 | D:4      | Reached XP level 5. HP: 35/42 MP: 4/4
  2183 | D:4      | Noticed Blork the orc
  2194 | D:4      | Killed Blork the orc
  2194 | D:4      | Reached skill level 6 in Axes
  2399 | D:4      | Reached XP level 6. HP: 11/50 MP: 5/5
  2878 | D:4      | Reached skill level 7 in Axes
  3043 | D:4      | HP: 2/50 [orc priest/flail (4)]
  3063 | D:4      | HP: 2/50 [hound (3)]
  3064 | D:4      | Slain by a hound

Action                   |  1- 3 |  4- 6 || total
-------------------------+-------+-------++-------
Melee: Short sword       |    20 |       ||    20
       Hand axe          |    66 |   109 ||   175
 Fire: Shortbow          |     6 |       ||     6
  Eat: Chunk             |     1 |     1 ||     2
       Bread ration      |       |     1 ||     1
